 Dungeon Crawl Stone Soup version 0.27-a0-1177-g245c70e1c0 (webtiles) character file.

Game seed: 17437992548300135956

168 Gargoyl the Skirmisher (level 5, -4/47 HPs)
             Began as a Gnoll Abyssal Knight on May 16, 2021.
             Was a Believer of Lugonu.
             Splashed by a jelly's acid (5 damage)
             ... on level 4 of the Dungeon.
             The game lasted 00:02:13 (2190 turns).

Gargoyl the Skirmisher (Gnoll Abyssal Knight)       Turns: 2190, Time: 00:02:15

Health: -4/47      AC:  5    Str: 13    XL:     5   Next: 49%
Magic:  8/8        EV:  4    Int: 11    God:    Lugonu [**....]
Gold:   48         SH:  7    Dex: 11    Spells: 7/7 levels left

rFire    . . .     SeeInvis .   a - +1 hand axe
rCold    . . .     Faith    .   g - +0 kite shield
rNeg     . . .     Spirit   .   c - +0 chain mail
rPois    .         Reflect  .   (no helmet)
rElec    .         Harm     .   (no cloak)
rCorr    .         Rampage  .   (no gloves)
Will     .....                  (no boots)
Stlth    ..........             (no amulet)
HPRegen  0.15/turn              (no ring)
MPRegen  0.11/turn              (no ring)

@: corroded, hasted, very quick
A: fangs 1, strong nose, distributed training
a: Renounce Religion, Depart the Abyss, Bend Space


You were on level 4 of the Dungeon.
You worshipped Lugonu.
Lugonu was pleased with you.
You visited 1 branch of the dungeon, and saw 3 of its levels.
You visited the Abyss 1 time.

You collected 48 gold pieces.

Inventory:

Hand Weapons
 a - a +1 hand axe (weapon)
Missiles
 h - 14 poisoned darts (quivered)
Armour
 c - a +0 chain mail (worn)
 g - a +0 kite shield (worn)
Scrolls
 b - a scroll of enchant armour {unknown}
 d - 2 scrolls of identify
 e - 2 scrolls of teleportation
 i - a scroll of magic mapping {unknown}
 j - a scroll of brand weapon {unknown}
 k - a scroll of vulnerability {unknown}
Potions
 l - a potion of curing {unknown}


   Skills:
 + Level 6.7 Fighting
 + Level 1.5 Short Blades
 + Level 1.5 Long Blades
 + Level 4.8 Axes
 + Level 1.5 Maces & Flails
 + Level 1.5 Polearms
 + Level 1.5 Staves
 + Level 1.5 Slings
 + Level 1.5 Bows
 + Level 1.5 Crossbows
 + Level 1.5 Throwing
 + Level 4.8 Armour
 + Level 3.0 Dodging
 + Level 1.5 Stealth
 + Level 1.5 Shields
 + Level 1.5 Unarmed Combat
 + Level 1.5 Spellcasting
 + Level 1.2 Conjurations
 + Level 1.2 Hexes
 + Level 1.2 Summonings
 + Level 1.2 Necromancy
 + Level 1.2 Translocations
 + Level 1.2 Transmutations
 + Level 1.2 Fire Magic
 + Level 1.2 Ice Magic
 + Level 1.2 Air Magic
 + Level 1.2 Earth Magic
 + Level 1.2 Poison Magic
 + Level 4.9 Invocations
 + Level 1.5 Evocations


You had 7 spell levels left.
You didn't know any spells.
Your spell library contained the following spells:

 Spells                   Type           Power      Damage    Failure   Level
 Corona                   Hex            3%         N/A       100%        1
 Ensorcelled Hibernation  Hex/Ice        6%         N/A       100%        2
 Confusing Touch          Hex            3%         N/A       100%        3
 Dazzling Flash           Conj/Hex       6%         N/A       100%        3
 Tukima's Dance           Hex            3%         N/A       100%        3


Dungeon Overview and Level Annotations

Branches:
Dungeon (2/15)             Temple (0/1) D:4

Altars:


Innate Abilities, Weirdness & Mutations

You have very sharp teeth.
Your uncanny sense of smell can sniff out nearby items.
Your experience applies equally to all skills.


Message History

Your chain mail prevents you from hitting the goblin.
The goblin hits you but does no damage. x2
The jelly jiggles.
You hit the goblin.
You kill the goblin!
Lugonu accepts your kill.
You hit the jelly.
Your hands burn!
The jelly is moderately wounded.
The jelly barely misses you.
You slash the jelly!
Your hands burn!
The jelly is heavily wounded.
You block the jelly's attack.
You hit the jelly. The acid corrodes you!
Your hands burn!
You bite the jelly, but do no damage.
The jelly is almost dead.
The jelly hits you.
You are splashed with acid!
The jelly hits you but does no damage.
You hit the jelly but do no damage.
Your hands burn!
The jelly is almost dead.
The jelly hits you but does no damage.
You hit the jelly but do no damage.
Your hands burn!
The jelly is almost dead.
The jelly hits you but does no damage. The jelly hits you.
You are splashed with acid!
* * * LOW HITPOINT WARNING * * *
You hit the jelly but do no damage.
Your hands burn!
* * * LOW HITPOINT WARNING * * *
The jelly is almost dead.
The jelly hits you but does no damage.
It was a potion of haste.
You feel yourself speed up. The jelly barely misses you.
You hit the jelly.
Your hands burn!
* * * LOW HITPOINT WARNING * * *
The jelly is almost dead.
The jelly hits you.
* * * LOW HITPOINT WARNING * * *
You are splashed with acid!
* * * LOW HITPOINT WARNING * * *
You hit the jelly but do no damage.
Your hands burn!
You die...

..#.#
..#####.#
..#.#
........##
..#
.........#
#.#
..######.#
#... #.#
##..# . #.#
##..#.# ...
#.# .#..#.#
.....######.#
.##.#.#
......J@....#
.##>#.#
......#######
.##.#.# .....
.##.#.# ####
.##.#.#
.##.#.##### ∆
.#........#
..........#
..........#


You could see a jelly.

Vanquished Creatures
  A black bear (D:4)
  2 adders (D:2)
  An adder skeleton (D:4)
  11 endoplasms
  2 giant cockroaches (D:1)
  2 hobgoblins
  8 jackals (D:2)
  4 quokkas
  7 ball pythons
  2 bats (D:1)
  A frilled lizard (D:1)
  4 goblins
  5 kobolds
  5 rats
55 creatures vanquished.

Notes
Turn   | Place    | Note
-------+----------+-------------------------------------------
     0 | Abyss:1  | Gargoyl the Gnoll Abyssal Knight began the quest for the
                  | Orb.
     0 | Abyss:1  | Reached XP level 1. HP: 23/23 MP: 3/3
    28 | Abyss:1  | Noticed a raiju
    29 | Abyss:1  | Noticed a raiju
    58 | Abyss:1  | Noticed a raiju
    60 | D:1      | Escaped the Abyss
    99 | D:1      | Reached * piety under Lugonu
   133 | D:1      | Reached XP level 2. HP: 21/29 MP: 5/5
   772 | D:1      | Reached XP level 3. HP: 34/35 MP: 6/6
  1317 | D:2      | Reached skill level 1 in Short Blades
  1317 | D:2      | Reached skill level 1 in Long Blades
  1317 | D:2      | Reached skill level 1 in Maces & Flails
  1317 | D:2      | Reached skill level 1 in Polearms
  1317 | D:2      | Reached skill level 1 in Staves
  1317 | D:2      | Reached skill level 1 in Slings
  1317 | D:2      | Reached skill level 1 in Bows
  1317 | D:2      | Reached skill level 1 in Crossbows
  1317 | D:2      | Reached skill level 1 in Throwing
  1317 | D:2      | Reached skill level 1 in Stealth
  1317 | D:2      | Reached skill level 1 in Shields
  1317 | D:2      | Reached skill level 1 in Unarmed Combat
  1317 | D:2      | Reached skill level 1 in Spellcasting
  1317 | D:2      | Reached skill level 1 in Evocations
  1374 | D:2      | Reached ** piety under Lugonu
  1470 | D:2      | Reached XP level 4. HP: 19/41 MP: 7/7
  1875 | D:2      | You fall into a shaft and drop 2 floors!
  1875 | D:4      | Found a staircase to the Ecumenical Temple.
  1929 | D:4      | Noticed a black bear
  1946 | D:4      | Killed a black bear
  1947 | D:4      | Reached skill level 1 in Conjurations
  1947 | D:4      | Reached skill level 1 in Hexes
  1947 | D:4      | Reached skill level 1 in Summonings
  1947 | D:4      | Reached skill level 1 in Necromancy
  1947 | D:4      | Reached skill level 1 in Translocations
  1947 | D:4      | Reached skill level 1 in Transmutations
  1947 | D:4      | Reached skill level 1 in Fire Magic
  1947 | D:4      | Reached skill level 1 in Ice Magic
  1947 | D:4      | Reached skill level 1 in Air Magic
  1947 | D:4      | Reached skill level 1 in Earth Magic
  1947 | D:4      | Reached skill level 1 in Poison Magic
  1947 | D:4      | Reached XP level 5. HP: 26/47 MP: 8/8
  2189 | D:4      | HP: 1/47 [acid (7)]
  2190 | D:4      | Splashed by a jelly's acid

Illustrated notes

Levels and vault maps discovered:
D:1:      ebering_hopf_link, layout_rooms, grunt_decor_mini_mirrors,
          minivault_27, minmay_heptomino_d4
D:2:      layout_loops_ring, basic_altar, uniq_robin, uniq_jessica
D:4:      layout_basic, minmay_temple_entry_mini_moons

Skill      XL: |  1  2  3  4 |
---------------+-------------+-----
Short Blades   | 1 |  1.5
Long Blades    | 1 |  1.5
Maces & Flails | 1 |  1.5
Polearms       | 1 |  1.5
Staves         | 1 |  1.5
Slings         | 1 |  1.5
Bows           | 1 |  1.5
Crossbows      | 1 |  1.5
Throwing       | 1 |  1.5
Stealth        | 1 |  1.5
Shields        | 1 |  1.5
Unarmed Combat | 1 |  1.5
Spellcasting   | 1 |  1.5
Evocations     | 1 |  1.5
Dodging        | 3 |  3.0
Conjurations   | 1 |  1.2
Hexes          | 1 |  1.2
Summonings     | 1 |  1.2
Necromancy     | 1 |  1.2
Translocations | 1 |  1.2
Transmutations | 1 |  1.2
Fire Magic     | 1 |  1.2
Ice Magic      | 1 |  1.2
Air Magic      | 1 |  1.2
Earth Magic    | 1 |  1.2
Poison Magic   | 1 |  1.2
Fighting       | |  6.7
Axes           | |  4.8
Armour         | |  4.8
Invocations    | |  4.9

Action                   |  1- 3 |  4- 6 || total
-------------------------+-------+-------++-------
Melee: Hand axe          |   112 |    50 ||   162
       Bite              |     6 |     5 ||    11
Invok: Depart the Abyss  |     1 |       ||     1
  Use: Scroll            |     1 |       ||     1
       Potion            |       |     2 ||     2
Armor: Chain mail        |   103 |    52 ||   155
Dodge: Dodged            |    22 |    16 ||    38
Block: Kite shield       |    34 |    22 ||    56

Table legend: (Time is in decaauts)
 A = Elapsed time spent in this place.
 B = Non-inter-level travel time spent in this place.
 C = Inter-level travel time spent in this place.
 D = Time resting spent in this place.
 E = Time spent auto-exploring this place.
 F = Levels seen in this place.
 G = Mean time per level.
                   A        B        C        D        E       F      G
               +--------+--------+--------+--------+--------+-----+--------+
         Total |   2240 |   2198 |     42 |    152 |   1553 |   4 |  560.0 |
       Dungeon |   2180 |   2138 |     42 |    152 |   1525 |   3 |  726.7 |
         Abyss |     60 |     60 |      0 |      0 |     28 |   1 |   60.0 |
               +--------+--------+--------+--------+--------+-----+--------+

Top non-repeatable levels by time:
     D:1: 1136 daAuts
     D:2: 720 daAuts
     D:4: 324 daAuts
 Abyss:1: 60 daAuts
